 Dungeon Crawl Stone Soup version 0.30.1 (webtiles) character file.

Game seed: 13245745271350690384

4720 monsoonserge the Thaumaturge (level 10, 0/69 HPs)
             Began as a Djinni Air Elementalist on July 9, 2023.
             Was a Believer of Ru.
             Slain by an orc warrior
             ... wielding a +0 halberd
              (8 damage)
             ... on level 9 of the Dungeon.
             The game lasted 00:40:13 (7265 turns).

monsoonserge the Thaumaturge (DjAE)                 Turns: 7265, Time: 00:40:13

Health: 0/69       AC:  7    Str: 13    XL:     10   Next: 73%
Gold:   270        EV: 15    Int: 21    God:    Ru [**....] SH:  0 Dex: 14

rFire   + + .        h - +5 spear (venom)
rCold   x . .        (no shield)
rNeg    + . .        V - +2 robe {rN+}
rPois   ∞            k - +0 helmet
rElec   .            P - +1 cloak of Starlight {*Dazzle EV+4 Stlth--}
rCorr   .            (no gloves)
SInv    .            (boots unavailable)
Will    +....        s - amulet of regeneration Stlth
                     R - +6 ring of strength
HPRegen 1.11/turn    T - ring of wizardry
MPRegen 0.00/turn

%: wizardry (x1), infuse magic (-1 HP)
@: flying, slowed, very slow
A: sickness immunity, fire resistance 2, cold vulnerability 1, no stealth,
inability to train dodging, float, innate caster, HP casting, extra vitality 1
a: Renounce Religion


You were on level 9 of the Dungeon.
You worshipped Ru.
Ru was pleased with you.
You visited 2 branches of the dungeon, and saw 10 of its levels.
You also visited: Sewer.

You collected 605 gold pieces.
You spent 335 gold pieces at shops.

Inventory:

Hand Weapons
 h - a +5 spear of venom (weapon)
 U - a +4 long sword
Missiles
 a - a curare-tipped dart
 f - 19 boomerangs (quivered)
 y - 15 poisoned darts
 E - a throwing net
 M - 2 boomerangs of dispersal
Armour
 k - a +0 helmet (worn)
 P - the +1 cloak of Starlight (worn) {*Dazzle EV+4 Stlth--}
   (You bought it in a shop on level 5 of the Dungeon)

   *Dazzle:   It may blind those who miss an attack against the wearer in melee
   combat.
   EV:        It affects your evasion (+4).
   Stlth:     It makes you much less stealthy.
 V - a +2 robe of positive energy (worn)
Magical Staves
 p - a staff of earth
 u - a staff of earth
 S - a staff of death
Jewellery
 s - an amulet of regeneration (around neck)
 R - a +6 ring of strength (left hand)
 T - a ring of wizardry (right hand)
Wands
 j - a wand of flame (27)
 A - a wand of roots (4)
Scrolls
 d - 2 scrolls of acquirement {unknown}
 g - 7 scrolls of teleportation {unknown}
 i - a scroll of amnesia {unknown}
 l - 6 scrolls of fear {unknown}
 m - 4 scrolls of immolation {unknown}
 n - 4 scrolls of fog {unknown}
 o - 4 scrolls of blinking {unknown}
 r - 2 scrolls of vulnerability {unknown}
 x - a scroll of poison {unknown}
 z - 5 scrolls of identify {unknown}
 C - 2 scrolls of enchant weapon {unknown}
 D - a scroll of torment {unknown}
 F - 2 scrolls of magic mapping {unknown}
 I - 2 scrolls of noise {unknown}
Potions
 b - 2 potions of haste {unknown}
 c - 2 potions of brilliance {unknown}
 e - 2 potions of berserk rage {unknown}
 q - 5 potions of curing {unknown}
 t - 2 potions of magic {unknown}
 v - a potion of resistance {unknown}
 w - 2 potions of heal wounds {unknown}
 G - 2 potions of degeneration {unknown}
 J - a potion of attraction {unknown}
 K - 3 potions of invisibility {unknown}
 L - a potion of mutation {unknown}
 O - a potion of lignification {unknown}
 Q - 2 potions of cancellation {unknown}


   Skills:
 * Level 4.8 Fighting
 - Level 1.8(2.1) Short Blades
 + Level 1.4(2.0) Long Blades
 + Level 3.1 Armour
 + Level 10.3 Spellcasting


You knew the following spells:

 Your Spells              Type           Power      Damage    Failure   Level
a - Shock                 Conj/Air       100%       1d9       1%          1
b - Static Discharge      Conj/Air       100%       2-7/arc   1%          2
c - Swiftness             Air            53%        N/A       1%          3
d - Airstrike             Air            26%        2d(4-20)  1%          4
e - Sting                 Tmut/Pois      100%       1d8       1%          1
f - Call Imp              Summ           100%       N/A       1%          2
g - Ozocubu's Armour      Ice            53%        N/A       1%          3
h - Animate Armour        Summ/Erth      100%       N/A       1%          4
Your spell library was empty.

Dungeon Overview and Level Annotations

Branches:
Dungeon (9/15)             Temple (1/1) D:7           Sewer (visited)
   Lair: D:8-11         Orc: D:9-12

Altars:
Ashenzari
Dithmenos
Elyvilon
Fedhas
Hepliaklqana
Makhleb
Ru
Trog
Uskayaw
Wu Jian

Shops:
D:5 [   D:7 (


Innate Abilities, Weirdness & Mutations

You are immune to sickness and miasma.
You are immune to poison.
Your flesh is very heat resistant. (rF++)
You are vulnerable to cold. (rC-)
You cannot be stealthy.
You cannot train Dodging skill.
You float through the air rather than walking.
You learn spells naturally, not from books.
Your magical power is your life essence.
You have superior vitality. (+4 MHP)


Message History

Aim: an orc warrior, wielding a +0 halberd and wearing a +0 plate armour (74% to hit)
The zap hits the wraith.
The wraith is heavily damaged.
The zap hits the yak.
You kill the yak!
The zap hits the yak!
You kill the yak!
The zap hits the orc warrior.
The orc warrior is lightly wounded.
The wraith hits you. The wraith drains your vigour!
You feel yourself slow down.
Casting: Shock (safe; 1% risk of failure)
Confirm with . or Enter, or press ? or * to list all spells.
Aiming: Shock (safe; 1% risk of failure)
Press: ? - help, Shift-Dir - straight line, f/p - orc warrior
Aim: an orc warrior, wielding a +0 halberd and wearing a +0 plate armour (lightly wounded, 74% to hit)
The zap hits the wraith.
The wraith is heavily damaged.
The zap misses the orc warrior.
The wraith hits you but does no damage. The wraith hits you.
The wraith drains your vigour!
You feel as though you will be slow longer.
The orc warrior closely misses you.
Casting: Shock (safe; 1% risk of failure)
Confirm with . or Enter, or press ? or * to list all spells.
Aiming: Shock (safe; 1% risk of failure)
Press: ? - help, Shift-Dir - straight line, f/p - orc warrior
Aim: an orc warrior, wielding a +0 halberd and wearing a +0 plate armour (lightly wounded, 74% to hit)
The zap hits the wraith but does no damage.
The wraith is heavily damaged.
The zap hits the orc warrior.
The orc warrior is lightly wounded.
The wraith hits you but does no damage.
The orc warrior hits you from afar with a +0 halberd!
* * * LOW HITPOINT WARNING * * *
Casting: Shock (safe; 1% risk of failure)
Confirm with . or Enter, or press ? or * to list all spells.
* * * LOW HITPOINT WARNING * * *
The wraith closely misses you.
The orc warrior hits you from afar with a +0 halberd!
You die...

...... #.......... .....
####.......... ....
.............. #...
.............. #..#
####....###### . #..#
#....###### ... #..#
#..........
....###..########..........
.......†oW@.[..............
........###################
........# ........#
........# .........
......... .........
....####..


You could see a wraith (ally target), an orc warrior and a friendly animated
robe (summoned).

Vanquished Creatures
  Maurice (D:8)
  Prince Ribbit (D:5)
  4 yaks (D:9)
  Eustachio (D:5)
  A steam dragon (D:9)
  Menkaure (D:7)
  Duvessa (D:5)
  Pargi (Sewer)
  An orc warrior (D:9)
  A black bear (D:5)
  2 ice beasts
  An ogre (D:4)
  2 centaurs
  A phantom (D:4)
  2 kobold brigands (D:8)
  A gnoll sergeant (D:8)
  3 bullfrogs
  3 scorpions
  7 wights
  Dowan (D:5)
  4 killer bees
  A howler monkey (D:5)
  2 hounds
  A gnoll bouda (D:9)
  7 orc priests
  3 sleepcaps
  Terence (D:3)
  An iguana (D:4)
  10 orc wizards
  Robin (D:2)
  10 gnolls
  4 adders
  A river rat (D:5)
  A shadow imp (D:6)
  3 white imps
  2 ufetubi
  4 worms
  6 dart slugs
  38 orcs
  3 bats
  A bat zombie (D:9)
  8 endoplasms
  2 giant cockroaches (D:2)
  15 goblins
  7 hobgoblins
  7 quokkas
  8 ball pythons
  3 frilled lizards
  15 kobolds
  9 rats
  2 rat zombies (D:9)
216 creatures vanquished.

Vanquished Creatures (collateral kills)
  An orc warrior (D:6)
  An orc (D:6)
  A bat zombie (D:9)
3 creatures vanquished.

Grand Total: 219 creatures vanquished

Notes
Turn   | Place    | Note
-------+----------+-------------------------------------------
     0 | D:1      | monsoonserge the Djinni Air Elementalist began the quest
                  | for the Orb.
     0 | D:1      | monsoonserge set off with the following spells memorised:
                  | Shock, Static Discharge, Swiftness, Airstrike.
     0 | D:1      | Reached XP level 1. HP: 15/15 MP: 0/0
   231 | D:1      | Reached XP level 2. HP: 17/21 MP: 0/0
   386 | D:1      | Reached skill level 3 in Spellcasting
   692 | D:1      | Reached XP level 3. HP: 16/25 MP: 0/0
   692 | D:1      | Learned a level 1 spell: Sting
   786 | D:2      | Noticed Robin
   993 | D:2      | Reached XP level 4. HP: 28/31 MP: 0/0
  1157 | D:2      | Killed Robin
  1605 | D:3      | Identified the +1 whip "Oduecuuckit" {protect, rN++ Str-3
                  | Dex+4}
  1630 | D:3      | Reached XP level 5. HP: 27/35 MP: 0/0
  1630 | D:3      | Learned a level 2 spell: Call Imp
  1674 | D:3      | Reached skill level 4 in Spellcasting
  1773 | D:3      | Noticed Terence
  1780 | D:3      | Killed Terence
  1901 | D:3      | Reached XP level 6. HP: 21/41 MP: 0/0
  2229 | D:3      | Reached skill level 5 in Spellcasting
  2607 | D:4      | Reached XP level 7. HP: 25/46 MP: 0/0
  2607 | D:4      | Learned a level 3 spell: Ozocubu's Armour
  2641 | D:4      | Found a shadowy altar of Dithmenos.
  2644 | D:4      | Found a burning altar of Makhleb.
  2644 | D:4      | Found a white marble altar of Elyvilon.
  2644 | D:4      | Found a hide-covered altar of Uskayaw.
  2650 | D:4      | Found a sacrificial altar of Ru.
  2650 | D:4      | Found a blossoming altar of Fedhas.
  2660 | D:4      | Became a worshipper of Ru the Awakened
  3028 | D:4      | Reached skill level 1 in Fighting
  3165 | D:4      | Reached skill level 6 in Spellcasting
  3333 | D:4      | Reached skill level 1 in Short Blades
  3500 | D:5      | Entered Level 5 of the Dungeon
  3534 | D:5      | Reached XP level 8. HP: 43/52 MP: 0/0
  3544 | D:5      | Noticed Duvessa
  3545 | D:5      | Noticed Dowan
  3558 | D:5      | Killed Duvessa
  3559 | D:5      | Killed Dowan
  3686 | D:5      | Reached skill level 7 in Spellcasting
  3704 | D:5      | Noticed Eustachio
  3708 | D:5      | Killed Eustachio
  3764 | D:5      | Gained mutation: You cannot be stealthy. [Ru sacrifice]
  3832 | D:5      | Found Toych's Armour Shoppe.
  3983 | D:5      | Found a glowing drain.
  3987 | Sewer    | Entered a sewer
  4027 | Sewer    | Noticed Pargi
  4031 | Sewer    | Killed Pargi
  4032 | Sewer    | Reached XP level 9. HP: 46/59 MP: 0/0
  4032 | Sewer    | Learned a level 4 spell: Animate Armour
  4178 | D:5      | Noticed Prince Ribbit
  4185 | D:5      | Killed Prince Ribbit
  4186 | D:5      | Reached skill level 1 in Armour
  4571 | D:6      | Found an ornate altar of the Wu Jian Council.
  4629 | D:6      | Reached skill level 8 in Spellcasting
  4899 | D:5      | Bought the +1 cloak of Starlight {*Dazzle EV+4 Stlth--} for
                  | 335 gold pieces
  4899 | D:5      | Found the +1 cloak of Starlight {*Dazzle EV+4 Stlth--}
  5619 | D:7      | Found a staircase to the Ecumenical Temple.
  5625 | D:7      | Noticed Menkaure
  5629 | D:7      | Killed Menkaure
  5642 | Temple   | Entered the Ecumenical Temple
  5658 | D:7      | Found Bina's Weapon Emporium.
  5990 | D:7      | Gained mutation: You cannot train Dodging skill. [Ru
                  | sacrifice]
  5990 | D:7      | Reached * piety under Ru
  5990 | D:7      | Reached ** piety under Ru
  6310 | D:8      | Found a broken altar of Ashenzari.
  6440 | D:7      | Reached skill level 9 in Spellcasting
  6441 | D:7      | Reached XP level 10. HP: 39/67 MP: 0/0
  6623 | D:8      | Reached skill level 1 in Long Blades
  6712 | D:8      | Noticed Maurice
  6717 | D:8      | Killed Maurice
  6992 | D:9      | Found a hazy altar of Hepliaklqana.
  7162 | D:9      | Reached skill level 10 in Spellcasting
  7265 | D:9      | Slain by an orc warrior

Illustrated notes

Levels and vault maps discovered:
D:1:      shiori_arrival_maze, layout_basic
D:2:      layout_basic, uniq_robin
D:3:      layout_basic, kennysheep_generic_room_5, uniq_terence
D:4:      layout_loops_corners, minmay_overflow_temple_hex, serial_bayou_pond_e
D:5:      layout_loops_ring, serial_shops, nicolae_shop_behind_doors,
          gup_sewer_entry_spiral, palyth_stone_intersect, uniq_duvessa,
          uniq_eustachio, uniq_prince_ribbit1
D:6:      layout_basic, mainiacjoe_overflow_tiny_flanked
D:7:      layout_cave_pools, minmay_temple_entry_grid, serial_shops,
          nicolae_shop_just_a_little_nook, nicolae_benzene_ring,
          kb_lookout_dungeons_type, uniq_menkaure
D:8:      layout_rooms, mainiacjoe_overflow_cross_hatched, serial_curves,
          eino_curves_03, eino_curves_02, kennysheep_generic_room_4,
          uniq_maurice
D:9:      layout_small_grid, lemuel_zombie_altar_kikubaaqudgha,
          nicolae_overflow_crystal_walls, grunt_lair_entry_orc_guard_hut
Temple:   nicolae_temple_bog_church

Skill      XL: |  1  2  3  4  5  6  7  8  9 10 |
---------------+-------------------------------+-----
Spellcasting   | 3 4 5 6 7 9 10 | 10.3
Stealth        | 2 0 |  0.0
Dodging        | 3 0 |  0.0
Fighting       | 1 2 3 4 |  4.8
Short Blades   | 1 |  1.8
Armour         | 2 3 |  3.1
Long Blades    | 1 |  1.4

Action                     |  1- 3 |  4- 6 |  7- 9 | 10-12 || total
---------------------------+-------+-------+-------+-------++-------
  Melee: Unarmed           |     1 |       |       |       ||     1
         Whip              |     6 |       |       |       ||     6
         Short sword       |       |    46 |    36 |       ||    82
         Falchion          |       |       |    18 |       ||    18
         Spear             |       |       |       |     5 ||     5
         Long sword        |       |       |       |     3 ||     3
  Throw: Boomerang         |       |       |       |     1 ||     1
   Cast: Shock             |    53 |    97 |   137 |    94 ||   381
         Static Discharge  |     2 |     1 |     3 |     1 ||     7
         Sting             |       |     4 |     6 |     6 ||    16
         Call Imp          |       |     3 |     5 |     2 ||    10
         Airstrike         |       |     1 |    26 |    10 ||    37
         Ozocubu's Armour  |       |       |     1 |       ||     1
         Animate Armour    |       |       |     5 |     3 ||     8
 Invoke: Sacrifice Stealth |       |       |     1 |       ||     1
         Sacrifice Nimblen |       |       |     1 |       ||     1
   Stab: Distracted        |       |       |     1 |       ||     1
         Invisible         |       |       |     1 |       ||     1
 Armour: Robe              |     7 |    17 |    20 |     8 ||    52
         Leather armour    |       |       |    17 |       ||    17
  Dodge: Dodged            |    15 |    37 |    52 |    59 ||   163
